 Dungeon Crawl Stone Soup version 0.29.1-2-gbd0b4ee654 (webtiles) character file.

Game seed: 8119398355660535486

1682 RascalDebosk the Magician (level 9, -1/66 HPs)
             Began as a Djinni Ice Elementalist on Oct 27, 2022.
             Was an Initiate of Ashenzari.
             Slain by a wight
             ... wielding a +4 dire flail
              (3 damage)
             ... on level 6 of the Dungeon on Oct 28, 2022.
             The game lasted 00:58:27 (8749 turns).

RascalDebosk the Magician (Djinni Ice Elementalist) Turns: 8749, Time: 00:58:27

Health: -1/66      AC:  2    Str:  7    XL:     9   Next: 21%
Gold:   273        EV: 12    Int: 34    God:    Ashenzari [......] SH:  0 Dex: 13

rFire   + + .      SeeInvis .   H - +3 scimitar (freeze)
rCold   x . .      Faith    .   (no shield)
rNeg    . . .      Spirit   .   a - +0 robe
rPois   ∞          Reflect  .   (no helmet)
rElec   .          Harm     .   (no cloak)
rCorr   .          Rampage  .   (no gloves)
Will    .....                   (boots unavailable)
Stlth   ++........              (no amulet)
HPRegen 0.21/turn               w - +6 ring of intelligence
MPRegen 0.00/turn               C - +6 ring of intelligence

@: flying
A: sickness immunity, fire resistance 2, cold vulnerability 1, float, innate
caster, HP casting, extra vitality 1
a: Renounce Religion, Curse Item


You were on level 6 of the Dungeon.
You worshipped Ashenzari.
Ashenzari was noncommittal.
You visited 2 branches of the dungeon, and saw 7 of its levels.

You collected 273 gold pieces.

Inventory:

Hand Weapons
 F - a +5 scimitar
 H - a +3 scimitar of freezing (weapon)
Missiles
 r - 2 throwing nets {@!f}
Armour
 a - a +0 robe (worn)
 x - a +0 ring mail
Magical Staves
 n - a staff of fire
 B - a staff of conjuration
Jewellery
 g - an amulet of faith
 w - a +6 ring of intelligence (left hand)
 y - a ring of wizardry
 C - a +6 ring of intelligence (right hand)
Wands
 o - a wand of polymorph (12)
 q - a wand of iceblast (10)
 v - a wand of acid (9)
Scrolls
 b - 2 scrolls of fear
 d - a scroll of poison {unknown}
 f - a scroll of butterflies {unknown}
 i - a scroll of identify
 l - a scroll of immolation
 p - a scroll of vulnerability
 t - a scroll of teleportation
 A - a scroll of amnesia {unknown}
 G - a scroll of blinking {unknown}
Potions
 c - 4 potions of lignification
 e - a potion of haste
 j - 3 potions of curing
 m - 3 potions of heal wounds
 u - 3 potions of invisibility
 z - a potion of ambrosia {unknown}
 D - a potion of magic {unknown}
 E - a potion of brilliance {unknown}


   Skills:
 + Level 5.7 Fighting
 + Level 3.9 Armour
 - Level 2.1 Dodging
 - Level 1.5 Stealth
 * Level 7.3 Spellcasting


You had 2 spell levels left.
You knew the following spells:

 Your Spells              Type           Power      Damage    Failure   Level
a - Freeze                Ice            100%       1d11      1%          1
b - Frozen Ramparts       Ice            100%       1d16      1%          3
c - Ozocubu's Armour      Ice            58%        N/A       1%          3
d - Hailstorm             Conj/Ice       58%        3d13      1%          4
e - Magic Dart            Conj           100%       1d8       1%          1
f - Poisonous Vapours     Pois/Air       100%       N/A       1%          2
g - Blink                 Tloc           100%       N/A       1%          2
h - Animate Armour        Summ/Erth      100%       N/A       1%          4
Your spell library was empty.

Dungeon Overview and Level Annotations

Branches:
Dungeon (6/15)             Temple (1/1) D:4

Altars:
Ashenzari
Cheibriados
Dithmenos
Makhleb
Nemelex Xobeh
Okawaru
Qazlal
Uskayaw
Wu Jian
Xom
Yredelemnul
The Shining One

Shops:
D:5 :


Innate Abilities, Weirdness & Mutations

You are immune to sickness and miasma.
You are immune to poison.
Your flesh is very heat resistant. (rF++)
You are vulnerable to cold. (rC-)
You float through the air rather than walking.
You learn spells naturally, not from books.
Your magical power is your life essence.
You have superior vitality. (+4 MHP)


Message History

You drop a +3 spear.
You drop a +0 scythe of freezing.
You drop a +0 dagger of venom.
Your +3 scimitar of freezing glows with a cold blue light!
H - a +3 scimitar of freezing (weapon)
A scorpion comes into view.
Aiming: Poisonous Vapours (safe; 1% risk of failure)
Press: ? - help, Q - select action, (/) - cycle Dir - move target, f - scorpion
Aim: a scorpion (wandering, hasn't noticed you) Poisonous vapours surround the scorpion!
The scorpion looks as sick as possible!
Aiming: Poisonous Vapours (safe; 1% risk of failure)
Press: ? - help, Q - select action, (/) - cycle Dir - move target, f/p - scorpion
Aim: a scorpion (heavily wounded, extremely poisoned) Poisonous vapours surround the scorpion!
The scorpion looks as sick as possible!
You kill the scorpion!
Found an ornate altar of the Wu Jian Council.
Found 5 stones and a potion of invisibility.
A white imp comes into view.
The white imp gestures at you. The puff of frost hits you!
You feel a terrible chill! The white imp gestures at you.
The puff of frost misses you.
There is an ornate altar of the Wu Jian Council here.
The white imp gestures at you. The puff of frost hits you!
You feel a terrible chill!
Aiming: Poisonous Vapours (safe; 1% risk of failure)
Press: ? - help, Q - select action, (/) - cycle Dir - move target, f - you That would be overly suicidal.
Okay, then.
Casting: Poisonous Vapours (safe; 1% risk of failure)
Confirm with . or Enter, or press ? or * to list all spells.
Aiming: Magic Dart (safe; 1% risk of failure)
Press: ? - help, Shift-Dir - straight line, f - white imp
Aim: a white imp (100% to hit)
The magic dart hits the white imp.
The white imp is lightly wounded.
Casting: Magic Dart (safe; 1% risk of failure)
Confirm with . or Enter, or press ? or * to list all spells.
Aiming: Magic Dart (safe; 1% risk of failure)
Press: ? - help, Shift-Dir - straight line, f/p - white imp
Aim: a white imp (lightly wounded, 100% to hit)
The magic dart hits the white imp.
The white imp is severely wounded.
Casting: Magic Dart (safe; 1% risk of failure)
Confirm with . or Enter, or press ? or * to list all spells.
Aiming: Magic Dart (safe; 1% risk of failure)
Press: ? - help, Shift-Dir - straight line, f/p - white imp
Aim: a white imp (severely wounded, 100% to hit)
The magic dart hits the white imp!
You kill the white imp!
u - 3 potions of invisibility (gained 1) 2 wights come into view.
Casting: Magic Dart (safe; 1% risk of failure)
Confirm with . or Enter, or press ? or * to list all spells.
Aiming: Magic Dart (safe; 1% risk of failure)
Press: ? - help, Shift-Dir - straight line, f - wight
Aim: a wight, wielding a +4 dire flail and wearing a +0 robe (dormant, 100% to hit)
The magic dart hits the wight.
The wight is moderately damaged.
Casting: Magic Dart (safe; 1% risk of failure)
Confirm with . or Enter, or press ? or * to list all spells.
Aiming: Magic Dart (safe; 1% risk of failure)
Press: ? - help, Shift-Dir - straight line, f/p - wight
Aim: a wight, wielding a +4 dire flail and wearing a +0 robe (moderately damaged, 100% to hit)
The magic dart hits the wight but does no damage.
The wight is moderately damaged.
Casting: Magic Dart (safe; 1% risk of failure)
Confirm with . or Enter, or press ? or * to list all spells.
Aiming: Magic Dart (safe; 1% risk of failure)
Press: ? - help, Shift-Dir - straight line, f/p - wight
Aim: a wight, wielding a +4 dire flail and wearing a +0 robe (moderately damaged, 100% to hit)
The magic dart hits the wight but does no damage.
The wight is moderately damaged.
You barely miss the wight.
The wight is moderately damaged.
The wight hits you with a +4 dire flail! x2
Casting: Magic Dart (safe; 1% risk of failure)
Confirm with . or Enter, or press ? or * to list all spells.
Aiming: Magic Dart (safe; 1% risk of failure)
Press: ? - help, Shift-Dir - straight line, f/p - wight
Aim: a wight, wielding a +4 dire flail and wearing a +0 robe (moderately damaged, 100% to hit)
The magic dart hits the wight but does no damage.
The wight is moderately damaged.
The wight hits you with a +4 dire flail!
* * * LOW HITPOINT WARNING * * *
You barely miss the wight.
The wight is lightly damaged.
A necrophage comes into view.
The wight closely misses you.
You hit the wight.
The wight is moderately damaged.
The wight barely misses you.
The wight hits you with a +4 dire flail!
* * * LOW HITPOINT WARNING * * *
The wight hits you with a +2 morningstar!
* * * LOW HITPOINT WARNING * * *
The wight hits you with a +4 dire flail.
You die...

...........# ########<####
.#.#.#.#.#.# #.....).)...#
####.#.#.#.########......)....#
...#.#.#.#....................#
##.#............).##)#####.####
##.#........#................
##.#.###.##.#......#..........
.....#
#.##.....................
..##.#
#.##...#.@.#.#.#.#.#.#.#.
..##...........zz......#. .. ..
..##.####...###.....#.#.#. .
####.# #>... .......(. .. #.#
#.#. .........# #.. ..
.##......... ## .. ##...####.
.. #...#


You could see 2 wights.

Vanquished Creatures
  Sigmund (D:2)
  An ice beast (D:6)
  Pargi (D:3)
  A phantom (D:3)
  2 scorpions
  2 water moccasin zombies (D:4)
  6 wights
  4 crimson imps (D:3)
  2 hounds (D:5)
  A human zombie (D:4)
  2 orc priests
  2 orc wizards (D:5)
  3 iguanas (D:5)
  A hound zombie (D:4)
  A mummy (D:4)
  A howler monkey zombie (D:4)
  8 gnolls
  8 adders
  A white imp (D:6)
  An ufetubus (D:4)
  2 adder zombies (D:4)
  6 worms
  5 dart slugs
  13 orcs
  12 endoplasms
  3 giant cockroaches
  4 goblins
  5 hobgoblins
  3 jackals (D:5)
  A quokka (D:1)
  7 ball pythons
  7 bats
  2 frilled lizards
  4 kobolds (D:1)
  9 rats
132 creatures vanquished.

Vanquished Creatures (others)
  3 plants (Temple)
3 creatures vanquished.

Grand Total: 135 creatures vanquished

Notes
Turn   | Place    | Note
-------+----------+-------------------------------------------
     0 | D:1      | RascalDebosk the Djinni Ice Elementalist began the quest
                  | for the Orb.
     0 | D:1      | RascalDebosk set off with the following spells memorised:
                  | Freeze, Frozen Ramparts, Ozocubu's Armour, Hailstorm.
     0 | D:1      | Reached XP level 1. HP: 15/15 MP: 0/0
    42 | D:1      | Reached XP level 2. HP: 6/22 MP: 0/0
   379 | D:1      | Reached skill level 1 in Fighting
   658 | D:1      | Reached XP level 3. HP: 25/27 MP: 0/0
   658 | D:1      | Learned a level 1 spell: Magic Dart
  1666 | D:2      | Noticed Sigmund
  1671 | D:2      | Killed Sigmund
  1672 | D:2      | Reached skill level 4 in Spellcasting
  1672 | D:2      | Reached XP level 4. HP: 9/34 MP: 0/0
  1672 | D:2      | Reached XP level 5. HP: 11/40 MP: 0/0
  1672 | D:2      | Learned a level 2 spell: Poisonous Vapours
  1952 | D:2      | Reached XP level 6. HP: 45/45 MP: 0/0
  2732 | D:3      | Found a shimmering altar of Xom.
  2749 | D:3      | Reached skill level 5 in Spellcasting
  3462 | D:3      | Found a faded altar of an unknown god.
  3481 | D:3      | Reached XP level 7. HP: 44/51 MP: 0/0
  3481 | D:3      | Learned a level 2 spell: Blink
  3650 | D:3      | Noticed Pargi
  3660 | D:3      | Killed Pargi
  3819 | D:3      | Found an iron altar of Okawaru.
  4430 | D:4      | Found a burning altar of Makhleb.
  4615 | D:4      | Reached skill level 1 in Armour
  4970 | D:4      | Reached skill level 6 in Spellcasting
  5212 | D:4      | Reached XP level 8. HP: 15/58 MP: 0/0
  6020 | D:4      | Found a basalt altar of Yredelemnul.
  6199 | D:4      | Found a staircase to the Ecumenical Temple.
  6224 | D:4      | Found a broken altar of Ashenzari.
  6237 | D:4      | Became a worshipper of Ashenzari the Shackled
  6640 | Temple   | Entered the Ecumenical Temple
  6817 | D:5      | Entered Level 5 of the Dungeon
  6826 | D:5      | Reached skill level 5 in Fighting
  7583 | D:5      | Found Ochoawaa's Vocational Training.
  8188 | D:5      | Reached XP level 9. HP: 39/65 MP: 0/0
  8188 | D:5      | Learned a level 4 spell: Animate Armour
  8411 | D:6      | Reached skill level 7 in Spellcasting
  8575 | D:6      | Found an ornate altar of the Wu Jian Council.
  8749 | D:6      | HP: 2/66 [wight/+2 morningstar (17)]
  8749 | D:6      | Slain by a wight

Illustrated notes

Levels and vault maps discovered:
D:1:      dpeg_arrival_shrine, layout_basic, nicolae_titane
D:2:      layout_basic, kennysheep_cluttered_room, uniq_sigmund
D:3:      layout_rooms, mainiacjoe_overflow_paths, led_xom_imps,
          nicolae_ecumenical_lake_church, uniq_pargi
D:4:      layout_rooms, lemuel_blue_sif_altar,
          mainiacjoe_overflow_small_starburst,
          mainiacjoe_overflow_concentric_impassable,
          lemuel_mausoleum_altar_yredelemnul, temple_fountains,
          hangedman_decor_slide_cut
D:5:      layout_loops_corners, nicolae_shop_vocational
D:6:      layout_basic, nicolae_overflow_crystal_walls,
          fedhas_altar_decomposition, hangedman_decor_riveting, minivault_11,
          uniq_maggie
Temple:   nicolae_temple_godpark

Skill      XL: |  1  2  3  4  5  6  7  8  9 |
---------------+----------------------------+-----
Fighting       | 1 2 3 4 5 |  5.7
Spellcasting   | 4 5 6 7 |  7.3
Armour         | 1 3 |  3.9
Dodging        | |  2.1
Stealth        | |  1.5

Action                   |  1- 3 |  4- 6 |  7- 9 || total
-------------------------+-------+-------+-------++-------
Melee: Unarmed           |     1 |       |       ||     1
       Dagger            |     3 |       |       ||     3
       Punch             |     1 |       |       ||     1
       Halberd           |       |    63 |    57 ||   120
       Scimitar          |       |       |    61 ||    61
 Cast: Freeze            |    31 |       |    17 ||    48
       Magic Dart        |    20 |    23 |   144 ||   187
       Blink             |       |       |     6 ||     6
       Poisonous Vapours |       |       |    33 ||    33
       Frozen Ramparts   |       |       |     3 ||     3
       Ozocubu's Armour  |       |       |     1 ||     1
  Use: Scroll            |       |       |    10 ||    10
 Stab: Sleeping          |     1 |     2 |     5 ||     8
Armor: Robe              |     5 |    19 |    17 ||    41
Dodge: Dodged            |    14 |    60 |   101 ||   175
